 Dungeon Crawl Stone Soup version 0.25-a0-949-gdd2af9e06e (webtiles) character file.

Game seed: 8002511365970458288, levelgen mode: deterministic

11 Chiseanne the Magician (level 2, 0/20 HPs)
             Began as a Demonspawn Wanderer on May 8, 2020.
             Slain by a jackal (2 damage)
             ... on level 1 of the Dungeon.
             The game lasted 00:00:43 (323 turns).

Chiseanne the Magician (Demonspawn Wanderer)         Turns: 323, Time: 00:00:43

Health: 0/20       AC:  5    Str:  9    XL:     2   Next: 13%
Magic:  5/5        EV:  9    Int: 16    God:
Gold:   0          SH:  0    Dex: 12    Spells: 5/5 levels left

rFire    . . .     SeeInvis .   a - +0 dagger
rCold    . . .     Gourm    .   (no shield)
rNeg     . . .     Faith    .   b - +0 ring mail
rPois    .         Spirit   .   (no helmet)
rElec    .         Reflect  .   (no cloak)
rCorr    .         Harm     .   (no gloves)
MR       .....                  (no boots)
Stlth    +.........             (no amulet)
HPRegen  0.06/turn              (no ring)
MPRegen  0.09/turn              (no ring)

@: no status effects
A: claws 1
a: no special abilities


You were on level 1 of the Dungeon.
You were not hungry.

You visited 1 branch of the dungeon, and saw 1 of its levels.

Inventory:

Hand Weapons
 a - a +0 dagger (weapon)
Armour
 b - a +0 ring mail (worn)
Comestibles
 f - 2 rations


   Skills:
 * Level 0.7 Fighting
   Level 1.0 Crossbows
 * Level 2.0 Armour
 * Level 0.5 Dodging
 * Level 2.2 Spellcasting
   Level 1.0 Translocations
   Level 1.7 Air Magic
   Level 2.0 Evocations


You had 5 spell levels left.
You didn't know any spells.
Your spell library contained the following spells:

 Spells                   Type           Power        Failure   Level  Hunger
 Shock                    Conj/Air       #...         36%         1    #......
 Beastly Appendage        Tmut           #.....       50%         1    #......
 Swiftness                Chrm/Air       #.......     50%         2    ###....
 Static Discharge         Conj/Air       #.......     75%         3    ###....
 Ignite Poison            Fire/Tmut/Pois #.......     86%         3    ###....
 Airstrike                Air            #.........   95%         4    #####..
 Lightning Bolt           Conj/Air       #.........   100%        5    ######.


Dungeon Overview and Level Annotations

Branches:
Dungeon (1/15)

Altars:


Innate Abilities, Weirdness & Mutations

You have sharp fingernails.


Message History

The jackal is severely wounded.
The jackal bites you but does no damage. x2
You hit the jackal but do no damage.
The jackal is severely wounded.
The jackal bites you but does no damage.
You hit the jackal.
The jackal is almost dead.
The jackal completely misses you. The jackal barely misses you.
You hit the jackal.
You kill the jackal!
The jackal bites you but does no damage.
You barely miss the jackal. The jackal closely misses you.
You hit the jackal but do no damage.
The jackal bites you but does no damage.
The jackal barely misses you.
You barely miss the jackal.
The jackal bites you but does no damage.
Your ring mail prevents you from hitting the jackal.
The jackal bites you.
You die...

#.###.#
###.###)#
#.....#
#...#(#
###.<.###
###.#(#######
#.....#
#.#(.....?#
#.###.#
#...#(......
..# #
###.#.###.##
#### #.#.#
#.#?# #@#.#
#h#.# #Kh..
###. .. .# .#
#


You could see 2 jackals and a kobold.

Vanquished Creatures
  A giant cockroach (D:1)
  A hobgoblin (D:1)
  5 jackals (D:1)
  A kobold (D:1)
8 creatures vanquished.

Notes
Turn   | Place    | Note
-------+----------+-------------------------------------------
     0 | D:1      | Chiseanne the Demonspawn Wanderer began the quest for the
                  | Orb.
     0 | D:1      | Chiseanne set off with the following items: a +0 dagger, a
                  | +0 ring mail, a ration; and the following spells available
                  | to memorise: Shock, Beastly Appendage, Swiftness, Static
                  | Discharge, Ignite Poison, Airstrike, Lightning Bolt
     0 | D:1      | Reached XP level 1. HP: 13/13 MP: 3/3
   297 | D:1      | Gained mutation: You have sharp fingernails. [demonic
                  | ancestry]
   297 | D:1      | Reached XP level 2. HP: 6/20 MP: 5/5
   313 | D:1      | HP: 1/20 [jackal (3)]
   323 | D:1      | Slain by a jackal

Levels and vault maps discovered:
D:1:      psy_arrival_radial02, layout_basic

Skill      XL: |  1 |
---------------+----+-----
Armour         | 2 |  2.0
Fighting       | |  0.7
Crossbows      | |  1.0
Dodging        | |  0.5
Spellcasting   | |  2.2
Translocations | |  1.0
Air Magic      | |  1.7
Evocations     | |  2.0

Action                   || total
-------------------------++-------
Melee: Dagger            ||    88
Armor: Ring mail         ||    47
Dodge: Dodged            ||    52

Table legend:
 A = Non-vault XP
 B = Vault XP
 C = Vault XP percentage of total XP
 D = Non-vault monster count
 E = Vault monster count
 F = Vault count percentage of total count
                 A         B        C        D         E       F
            +---------+---------+-------+---------+---------+-------
      Total |      16 |       0 |   0.0 |       8 |       0 |   0.0
            +---------+---------+-------+---------+---------+-------
        D:1 |      16 |       0 |   0.0 |       8 |       0 |   0.0
            +---------+---------+-------+---------+---------+-------
